TOP OF THE 1ST |
---|
Florida State Seminoles batting - Pitching for Duke Blue Devils : RHP Geoff Keller | Pitching: RHP Geoff Keller | | Batting: LHB Matt Stancliff | 0-0: Ball 1-0: Foul Ball, location: 2F 1-1: Foul Ball, location: 2F 1-2: Ball 2-2: Foul Ball, location: 2F 2-2: SINGLE (Line Drive, 56D) | Batting: RHB Andy Harris | 0-0: Ball Matt Stancliff steals 2nd base 1-0: Ball 2-0: Ball 3-0: Base on Balls | Batting: RHB Scott Harroun | 0-0: Ball 1-0: Called Strike Andy Harris steals 2nd base Matt Stancliff to third 1-1: Ball 2-1: Ball 3-1: SINGLE (Flyball, 8RS) Matt Stancliff scores Andy Harris to third | Batting: RHB Austin Ricks | 0-0: Ball 1-0: Ball 2-0: Called Strike 2-1: Fly out, F8 (Line Drive, 89M) Runner from 3rd tags up, OUT at HOME Scott Harroun to second | Batting: RHB Ryan Babcock | 0-0: Called Strike 0-1: Called Strike 0-2: Ball 1-2: Ground out 6-3 (Groundball, 6) | Top of the 1st over - 1 run(s), 2 hit(s), 0 error(s), 1 left on base; Florida State 1 - Duke 0 | BOTTOM OF THE 1ST |
---|
Duke Blue Devils batting - Pitching for Florida State Seminoles : LHP Rick Rowland | Pitching: LHP Rick Rowland | | Batting: LHB Roy Hartford | 0-0: Ball 1-0: Called Strike 1-1: Fly out, F5 (Line Drive, 5) | Batting: RHB David Flores | 0-0: Swinging Strike 0-1: Ball 1-1: Ground out 1-3 (Groundball, P) | Batting: SHB Aaron LaRue | 0-0: Ground out 5-3 (Groundball, 56) | Bottom of the 1st over - 0 run(s), 0 hit(s), 0 error(s), 0 left on base; Florida State 1 - Duke 0 | TOP OF THE 2ND |
---|
Florida State Seminoles batting - Pitching for Duke Blue Devils : RHP Geoff Keller | Batting: RHB Matt Bruckman | 0-0: Ball 1-0: Foul Ball, location: 2F 1-1: Hit by Pitch | Batting: LHB Kyle Thomas | 0-0: Called Strike 0-1: Ball 1-1: Foul Ball, location: 2F 1-2: Ball 2-2: Ball 3-2: Fielders Choice at 2nd, 4-6 (Groundball, 34) | Batting: LHB Ken Glover | 0-0: Called Strike 0-1: Ball 1-1: Fielders Choice at 2nd, 4-6 (Groundball, 4) | Batting: LHB Brett Zak | 0-0: Swinging Strike 0-1: Called Strike 0-2: Ball 1-2: Fly out, F4 (Line Drive, 4M) | Top of the 2nd over - 0 run(s), 0 hit(s), 0 error(s), 1 left on base; Florida State 1 - Duke 0 | BOTTOM OF THE 2ND |
---|
Duke Blue Devils batting - Pitching for Florida State Seminoles : LHP Rick Rowland | Batting: SHB Joe Collins | 0-0: Called Strike 0-1: Ground out 4-3 (Groundball, 4M) | Batting: LHB Tim Witherell | 0-0: Ball 1-0: Called Strike 1-1: Called Strike 1-2: Ball 2-2: Ground out 5-3 (Groundball, 56S) | Batting: RHB Dustin Blair | 0-0: Called Strike 0-1: Ball 1-1: SINGLE (Line Drive, 8RS) | Batting: LHB Ray Williams | 0-0: Ball 1-0: Fly out, F3 (Popup, 4S) | Bottom of the 2nd over - 0 run(s), 1 hit(s), 0 error(s), 1 left on base; Florida State 1 - Duke 0 | TOP OF THE 3RD |
---|
Florida State Seminoles batting - Pitching for Duke Blue Devils : RHP Geoff Keller | Batting: LHB Matt Stancliff | 0-0: Foul Ball, location: 2F 0-1: Ball 1-1: Swinging Strike 1-2: Ground out 6-3 (Groundball, 6) | Batting: RHB Andy Harris | 0-0: Ball 1-0: Ball 2-0: Called Strike 2-1: Ball 3-1: Foul Ball, location: 2F 3-2: Base on Balls | Batting: RHB Scott Harroun | 0-0: Hit by Pitch Andy Harris to second | Batting: RHB Austin Ricks | 0-0: Called Strike 0-1: Ball 1-1: Fielders Choice at 3rd, U5 (Groundball, 5L) Scott Harroun to second | Batting: RHB Ryan Babcock | 0-0: Ball 1-0: Ball 2-0: Ball 3-0: Base on Balls Scott Harroun to third Austin Ricks to second | Batting: RHB Matt Bruckman | 0-0: Ball 1-0: Foul Ball, location: 2F 1-1: Foul Ball, location: 2F 1-2: Strikes out swinging | Top of the 3rd over - 0 run(s), 0 hit(s), 0 error(s), 3 left on base; Florida State 1 - Duke 0 | BOTTOM OF THE 3RD |
---|
Duke Blue Devils batting - Pitching for Florida State Seminoles : LHP Rick Rowland | Batting: RHB Joey Villicana | 0-0: Called Strike 0-1: Ball 1-1: Swinging Strike 1-2: Ball 2-2: Strikes out swinging | Batting: RHB John Peters | 0-0: Swinging Strike 0-1: Ball 1-1: Foul Ball, location: 2F 1-2: Ball 2-2: Fly out, F9 (Flyball, 89S) | Batting: LHB Roy Hartford | 0-0: Foul Ball, location: 2F 0-1: Fly out, F9 (Flyball, 9S) | Bottom of the 3rd over - 0 run(s), 0 hit(s), 0 error(s), 0 left on base; Florida State 1 - Duke 0 | TOP OF THE 4TH |
---|
Florida State Seminoles batting - Pitching for Duke Blue Devils : RHP Geoff Keller | Batting: LHB Kyle Thomas | 0-0: Fly out, F7 (Flyball, 78M) | Batting: LHB Ken Glover | 0-0: Foul Ball, location: 2F 0-1: Fly out, F9 (Line Drive, 9) | Batting: LHB Brett Zak | 0-0: Ball 1-0: Foul Ball, location: 2F 1-1: Ball 2-1: Foul Ball, location: 2F 2-2: Strikes out looking | Top of the 4th over - 0 run(s), 0 hit(s), 0 error(s), 0 left on base; Florida State 1 - Duke 0 | BOTTOM OF THE 4TH |
---|
Duke Blue Devils batting - Pitching for Florida State Seminoles : LHP Rick Rowland | Batting: RHB David Flores | 0-0: Ball 1-0: Ball 2-0: Ball 3-0: Base on Balls | Batting: SHB Aaron LaRue | 0-0: Ball 1-0: Foul Ball, location: 2F 1-1: Called Strike 1-2: Strikes out swinging | Batting: SHB Joe Collins | 0-0: Called Strike 0-1: Fielders Choice at 2nd, 1-6 (Groundball, 13S) | Batting: LHB Tim Witherell | 0-0: Ball 1-0: Ball 2-0: Called Strike 2-1: Ball 3-1: Called Strike 3-2: SINGLE (Flyball, 7) Joe Collins to second Joe Collins to third | Batting: RHB Dustin Blair | 0-0: SINGLE (Groundball, 34D) Joe Collins scores Tim Witherell to second Runner from 2nd tries for 3rd, SAFE, no throw | Batting: LHB Ray Williams | 0-0: Ball 1-0: Ball 2-0: Called Strike 2-1: Ground out 4-3 (Groundball, 4) | Bottom of the 4th over - 1 run(s), 2 hit(s), 0 error(s), 2 left on base; Florida State 1 - Duke 1 | TOP OF THE 5TH |
---|
Florida State Seminoles batting - Pitching for Duke Blue Devils : RHP Geoff Keller | Batting: LHB Matt Stancliff | 0-0: Foul Ball, location: 2F 0-1: Called Strike 0-2: Foul Ball, location: 2F 0-2: Ball 1-2: Ball 2-2: Ball 3-2: SINGLE (Line Drive, 5D) | Batting: RHB Andy Harris | 0-0: Ball 1-0: Grounds into double play, 1-6-3 (Groundball, 13) | Batting: RHB Scott Harroun | 0-0: Ball 1-0: SINGLE (Groundball, 56D) | Pitching: RHP David Gable | | Batting: RHB Austin Ricks | 0-0: Foul Ball, location: 2F 0-1: Swinging Strike 0-2: Ball Scott Harroun steals 2nd base 1-2: Ball 2-2: Foul Ball, location: 2F 2-2: Ground out 1-3 (Groundball, 13) | Top of the 5th over - 0 run(s), 2 hit(s), 0 error(s), 1 left on base; Florida State 1 - Duke 1 | BOTTOM OF THE 5TH |
---|
Duke Blue Devils batting - Pitching for Florida State Seminoles : LHP Rick Rowland | Batting: RHB Joey Villicana | 0-0: SINGLE (Flyball, 89S) | Batting: RHB John Peters | 0-0: Foul Ball, location: 2F 0-1: Ball 1-1: Ball 2-1: Ball 3-1: Base on Balls Joey Villicana to second | Batting: LHB Roy Hartford | 0-0: Ball 1-0: Called Strike 1-1: Fly out, F5 (Popup, 15S) | Batting: RHB David Flores | 0-0: Called Strike 0-1: Grounds into double play, 4-6-3 (Groundball, 4) | Bottom of the 5th over - 0 run(s), 1 hit(s), 0 error(s), 1 left on base; Florida State 1 - Duke 1 | TOP OF THE 6TH |
---|
Florida State Seminoles batting - Pitching for Duke Blue Devils : RHP David Gable | Batting: RHB Ryan Babcock | 0-0: Ground out 3-1 (Groundball, 34) | Batting: RHB Matt Bruckman | 0-0: Ball 1-0: Ball 2-0: Called Strike 2-1: Foul Ball, location: 2F 2-2: Ball 3-2: Strikes out swinging | Batting: LHB Kyle Thomas | 0-0: Ball 1-0: Called Strike 1-1: Ball 2-1: Ball 3-1: Called Strike 3-2: Base on Balls | Batting: LHB Ken Glover | 0-0: Ball 1-0: Ball 2-0: Called Strike 2-1: Ball 3-1: SINGLE (Groundball, 34D) Kyle Thomas to second Runner from 2nd tries for 3rd, SAFE, no throw | Batting: LHB Brett Zak | 0-0: SINGLE (Groundball, 4D) Kyle Thomas scores Ken Glover to second Runner from 2nd tries for 3rd, SAFE, throw made to third | Batting: LHB Matt Stancliff | 0-0: Ball 1-0: Called Strike 1-1: Foul Ball, location: 2F 1-2: Ball Passed Ball! Ken Glover scores Brett Zak to second 2-2: Reached on error, E6 (Line Drive, 6) Brett Zak to third | Pitching: RHP Chad Rittenberry | | Batting: RHB Andy Harris | 0-0: Called Strike 0-1: Ball 1-1: Fly out, F7 (Flyball, 7S) | Top of the 6th over - 2 run(s), 2 hit(s), 1 error(s), 2 left on base; Florida State 3 - Duke 1 | BOTTOM OF THE 6TH |
---|
Duke Blue Devils batting - Pitching for Florida State Seminoles : LHP Rick Rowland | Batting: SHB Aaron LaRue | 0-0: Fly out, F7 (Flyball, 7) | Batting: SHB Joe Collins | 0-0: SINGLE (Flyball, 9S) - OUT at second base trying to stretch hit. | Batting: LHB Tim Witherell | 0-0: Ball 1-0: Foul Ball, location: 2F 1-1: SOLO HOME RUN (Flyball, 9LD), Distance : 351 ft | Batting: RHB Dustin Blair | 0-0: Foul Ball, location: 2F 0-1: Foul Ball, location: 2F 0-2: Foul Ball, location: 2F 0-2: Foul Ball, location: 2F 0-2: Ball 1-2: Strikes out looking | Bottom of the 6th over - 1 run(s), 2 hit(s), 0 error(s), 0 left on base; Florida State 3 - Duke 2 | TOP OF THE 7TH |
---|
Florida State Seminoles batting - Pitching for Duke Blue Devils : RHP Chad Rittenberry | Batting: RHB Scott Harroun | 0-0: Swinging Strike 0-1: SOLO HOME RUN (Line Drive, 78XD), Distance : 402 ft | Batting: RHB Austin Ricks | 0-0: Ball 1-0: Ball 2-0: Ball 3-0: Called Strike 3-1: Base on Balls | Batting: RHB Ryan Babcock | 0-0: Called Strike 0-1: Ball 1-1: Ball 2-1: Grounds into double play, 4-6-3 (Groundball, 4) | Batting: RHB Matt Bruckman | 0-0: Ball 1-0: Foul Ball, location: 2F 1-1: Ball 2-1: Swinging Strike 2-2: Strikes out swinging | Top of the 7th over - 1 run(s), 1 hit(s), 0 error(s), 0 left on base; Florida State 4 - Duke 2 | BOTTOM OF THE 7TH |
---|
Duke Blue Devils batting - Pitching for Florida State Seminoles : LHP Rick Rowland | Batting: LHB Ray Williams | 0-0: SINGLE (Flyball, 7LM) | Batting: RHB Joey Villicana | 0-0: Foul Ball, location: 2F 0-1: Ground out 3-1 (Groundball, 34S) Ray Williams to second | Batting: RHB John Peters | 0-0: Swinging Strike 0-1: Ball 1-1: Foul Ball, location: 2F 1-2: Ball 2-2: Foul Ball, location: 2F 2-2: Strikes out looking | Pitching: RHP Adam Baker | | Batting: LHB Roy Hartford | 0-0: Foul Ball, location: 2F 0-1: Ball 1-1: Ball 2-1: Ball 3-1: Fly out, F7 (Flyball, 7D) | Bottom of the 7th over - 0 run(s), 1 hit(s), 0 error(s), 1 left on base; Florida State 4 - Duke 2 | TOP OF THE 8TH |
---|
Florida State Seminoles batting - Pitching for Duke Blue Devils : RHP Chad Rittenberry | Batting: LHB Kyle Thomas | 0-0: Ball 1-0: Ball 2-0: Foul Ball, location: 2F 2-1: Ball 3-1: Called Strike 3-2: Base on Balls | Pitching: LHP Mike Shpigel | | Batting: LHB Ken Glover | 0-0: Ball 1-0: Ball 2-0: Called Strike 2-1: Bunted foul 2-2: Foul Ball, location: 2F 2-2: Foul Ball, location: 2F 2-2: Foul Ball, location: 2F 2-2: Ball 3-2: DOUBLE (Flyball, 8LD) Kyle Thomas to third | Pinch Hitting: RHB Nick Seales | 0-0: Foul Ball, location: 2F 0-1: Called Strike 0-2: Strikes out looking | Batting: LHB Matt Stancliff | 0-0: Intentional Walk | Pitching: RHP Mike Jennings | | Batting: RHB Andy Harris | 0-0: Foul Ball, location: 2F 0-1: Ball 1-1: Called Strike 1-2: Ball 2-2: Ball 3-2: Fly out, F6 (Popup, 6MD) | Batting: RHB Scott Harroun | 0-0: Fielders Choice at 2nd, 5-4 (Groundball, 56) | Top of the 8th over - 0 run(s), 1 hit(s), 0 error(s), 2 left on base; Florida State 4 - Duke 2 | BOTTOM OF THE 8TH |
---|
Duke Blue Devils batting - Pitching for Florida State Seminoles : RHP Adam Baker | Now at 3B: Nick Seales | | Now in RF: Sam Andrade | | Batting: RHB David Flores | 0-0: Called Strike 0-1: Foul Ball, location: 2F 0-2: Ball 1-2: Strikes out looking | Batting: SHB Aaron LaRue | 0-0: Ball 1-0: Ball 2-0: Foul Ball, location: 2F 2-1: SINGLE (Groundball, 4MD) | Batting: SHB Joe Collins | 0-0: Ball 1-0: Swinging Strike 1-1: Ball 2-1: Ball 3-1: Swinging Strike 3-2: Foul Ball, location: 2F 3-2: Fly out, F5 (Popup, 5S) | Batting: LHB Tim Witherell | 0-0: Ball 1-0: Called Strike 1-1: Swinging Strike 1-2: Ball 2-2: Ball 3-2: Base on Balls Aaron LaRue to second | Pitching: RHP Sam Benes | | Batting: RHB Dustin Blair | 0-0: Swinging Strike 0-1: Ball 1-1: Foul Ball, location: 2F 1-2: Fly out, F8 (Flyball, 8RD) | Bottom of the 8th over - 0 run(s), 1 hit(s), 0 error(s), 2 left on base; Florida State 4 - Duke 2 | TOP OF THE 9TH |
---|
Florida State Seminoles batting - Pitching for Duke Blue Devils : RHP Mike Jennings | Batting: RHB Austin Ricks | 0-0: Called Strike 0-1: Swinging Strike 0-2: Ball 1-2: Ball 2-2: Foul Ball, location: 2F 2-2: Foul Ball, location: 2F 2-2: Strikes out swinging, 2-3 out at first. | Batting: RHB Ryan Babcock | 0-0: Called Strike 0-1: Foul Ball, location: 2F 0-2: Ball 1-2: Ball 2-2: Ball 3-2: Base on Balls | Batting: RHB Matt Bruckman | 0-0: Ball Ryan Babcock steals 2nd base 1-0: Ball 2-0: 2-RUN HOME RUN (Flyball, 7D), Distance : 366 ft | Pitching: RHP Dusty Hall | | Batting: LHB Kyle Thomas | 0-0: Ball 1-0: Ball 2-0: Called Strike 2-1: Called Strike 2-2: Fly out, F7 (Line Drive, 78M) | Batting: LHB Ken Glover | 0-0: Ball 1-0: Ball 2-0: Ball 3-0: Base on Balls | Batting: RHB Nick Seales | 0-0: Ball 1-0: Swinging Strike 1-1: SINGLE (Groundball, 6D) Ken Glover to second | Batting: LHB Matt Stancliff | 0-0: Ball 1-0: Foul Ball, location: 2F 1-1: Fly out, F4 (Popup, 4D) | Top of the 9th over - 2 run(s), 2 hit(s), 0 error(s), 2 left on base; Florida State 6 - Duke 2 | BOTTOM OF THE 9TH |
---|
Duke Blue Devils batting - Pitching for Florida State Seminoles : RHP Sam Benes | Batting: LHB Ray Williams | 0-0: Swinging Strike 0-1: Ball 1-1: Foul Ball, location: 2F 1-2: Strikes out swinging | Batting: RHB Joey Villicana | 0-0: Ball 1-0: Ball 2-0: Ball 3-0: Called Strike 3-1: Called Strike 3-2: Fly out, F8 (Flyball, 8RXD) | Batting: RHB John Peters | 0-0: Ball 1-0: Foul Ball, location: 2F 1-1: SINGLE (Groundball, 56D) | Batting: LHB Roy Hartford | 0-0: Ball 1-0: Ball 2-0: Ball 3-0: Base on Balls John Peters to second | Pitching: RHP Lorenzo Martinez | | Batting: RHB David Flores | 0-0: Ball 1-0: Ball 2-0: Ball 3-0: Called Strike 3-1: Base on Balls John Peters to third Roy Hartford to second | Batting: SHB Aaron LaRue | 0-0: Called Strike 0-1: SINGLE (Groundball, 4MD) John Peters scores Roy Hartford to third David Flores to second | Batting: SHB Joe Collins | 0-0: Called Strike 0-1: Ball 1-1: Swinging Strike 1-2: Strikes out swinging | Bottom of the 9th over - 1 run(s), 2 hit(s), 0 error(s), 3 left on base; Florida State 6 - Duke 3 | |